 Seeded DCSS version 0.30.1-4-g462c640d31 (webtiles) character file.

Game seed: 6351066067085065685 (custom seed)

83 Esekla the Grave Robber (level 4, 0/24 HPs)
             Began as a Deep Elf Necromancer on Aug 27, 2023.
             Was an Initiate of Vehumet.
             Slain by an iguana (13 damage)
             ... on level 2 of the Dungeon.
             The game lasted 00:16:06 (2110 turns).

Esekla the Grave Robber (Deep Elf Necromancer)      Turns: 2110, Time: 00:16:07

Health: 0/24       AC:  4    Str:  5    XL:     4   Next: 22%
Magic:  11/11      EV: 13    Int: 22    God:    Vehumet [......]
Gold:   173        SH:  0    Dex: 15    Spells: 6/10 levels left

rFire   . . .        a - +1 short sword (freeze)
rCold   . . .        (no shield)
rNeg    . . .        n - +0 robe
rPois   .            k - +0 helmet
rElec   .            (no cloak)
rCorr   .            m - +0 pair of gloves
SInv    .            (no boots)
Will    .....        (no amulet)
Stlth   ++           (no ring)
HPRegen 0.24/turn    (no ring)
MPRegen 0.12/turn

%: no passive effects
@: no status effects
A: no striking features
a: Renounce Religion


You were on level 2 of the Dungeon.
You worshipped Vehumet.
Vehumet was noncommittal.
You visited 1 branch of the dungeon, and saw 4 of its levels.

You collected 173 gold pieces.

Inventory:

Hand Weapons
 a - a +1 short sword of freezing (weapon)
 r - a +0 spear
 s - the +5 rapier of the Hero {heavy, rN+ Dex+3}
   (You found it on level 3 of the Dungeon)

   Dex:       It affects your dexterity (+3).
   rN:        It protects you from negative energy.
Missiles
 v - 3 poisoned darts
Armour
 k - a +0 helmet (worn)
 m - a +0 pair of gloves (worn)
 n - a +0 robe (worn)
Wands
 i - a wand of roots (9)
Scrolls
 c - 2 scrolls of enchant weapon {unknown}
 f - 3 scrolls of identify {unknown}
 o - a scroll of amnesia {unknown}
 p - a scroll of enchant armour {unknown}
 q - a scroll of immolation {unknown}
 u - a scroll of fog {unknown}
 w - a scroll of blinking {unknown}
Potions
 b - a potion of magic
 d - a potion of ambrosia {unknown}
 e - 2 potions of attraction {unknown}
 g - a potion of heal wounds {unknown}
 h - a potion of haste {unknown}
 j - a potion of mutation {unknown}
 l - 2 potions of curing {unknown}
 t - 2 potions of brilliance {unknown}


   Skills:
 + Level 0.7 Short Blades
 * Level 3.8 Dodging
 + Level 2.9 Stealth
 * Level 3.7 Spellcasting
 + Level 5.5 Necromancy


You had 6 spell levels left.
You knew the following spells:

 Your Spells              Type           Power      Damage    Failure   Level
a - Necrotise             Necr           100%       1d9       1%          1
d - Vampiric Draining     Necr           28%        2d8       3%          3

Your spell library contained the following spells:

 Spells                   Type           Power      Damage    Failure   Level
 Animate Dead             Necr           28%        N/A       12%         4
 Lesser Beckoning         Tloc           8%         N/A       17%         2
 Agony                    Necr           28%        N/A       32%         5
 Gell's Gravitas          Tloc           4%         N/A       34%         3
 Teleport Other           Tloc           4%         N/A       34%         3


Dungeon Overview and Level Annotations

Branches:
Dungeon (4/15)
 Temple: D:4-7

Altars:
Okawaru
Vehumet
Zin

Shops:
D:2 =   D:4 (


Message History

You kill the gnoll!
Vehumet accepts your kill.
You feel life coursing into your body.
Things that are here:
a +0 flail; a gnoll corpse
Found a dagger.
A black bear comes into view.
There is a stone staircase leading up here.
You climb upwards.
There is a stone staircase leading down here.
There is an escape hatch in the floor here.
You slide downwards.
The hatch slams shut behind you.
You see here a +0 leather armour.
An iguana comes into view.
You open the door.
Found 3 poisoned darts and a spear.
Found a faded altar of an unknown god.
There is an open door here.
You see here 3 poisoned darts.
v - 3 poisoned darts
Okay, then.
You see here a +0 spear.
w - a +0 spear Adjust (i)tems, (s)pells, or (a)bilities?
w - a +0 spear Adjust to which letter? (? for menu, Esc to quit)
r - a +0 spear;
w - a scroll labelled LIXOR VONLAKI You open the door.
There is an open door here.
Found 6 poisoned darts.
The helpless iguana fails to defend itself.
You hit the iguana.
The iguana seems to slow down.
You freeze the iguana.
The iguana is moderately wounded.
You hit the iguana but do no damage.
The iguana is moderately wounded.
The iguana is no longer moving slowly.
The iguana bites you!
You closely miss the iguana.
The iguana is moderately wounded.
The iguana bites you!
Ouch! That really hurt!
You die...

#.##..#####.###
######.##<.........#
#......##........).# ##
#.####.##.######.#.####.$.
#.......#.....h.........##
####.#####.########.#.####
#....#8.8#....# #.#
#.8###...###8.#####.#
#..'..._...'@l......#
#.8###...###8.#.##### #...
#8.8# .....#
##...#####.....## ##...
(..#### .... ....
#########


You could see an iguana.

Vanquished Creatures
  3 gnolls (D:2)
  An adder (D:2)
  2 dart slugs
  5 ball pythons (D:1)
  4 bats
  4 endoplasms
  8 goblins
  3 hobgoblins
  A quokka (D:1)
  3 frilled lizards
  5 kobolds
39 creatures vanquished.

Notes
Turn   | Place    | Note
-------+----------+-------------------------------------------
     0 | D:1      | Esekla the Deep Elf Necromancer began the quest for the
                  | Orb.
     0 | D:1      | Reached XP level 1. HP: 10/10 MP: 6/6
   169 | D:1      | Reached skill level 5 in Necromancy
   188 | D:1      | Reached XP level 2. HP: 5/15 MP: 8/8
   425 | D:2      | Found Renulab's Jewellery Shop.
   628 | D:4      | Found a glowing silver altar of Zin.
   641 | D:4      | Found an iron altar of Okawaru.
   652 | D:4      | Found a radiant altar of Vehumet.
   673 | D:4      | Became a worshipper of Vehumet
   824 | D:4      | Found Ponaysk's Antique Weapon Boutique.
  1274 | D:3      | Identified the +5 rapier of the Hero {heavy, rN+ Dex+3}
  1335 | D:2      | Reached XP level 3. HP: 16/19 MP: 9/9
  1344 | D:2      | Learned a level 3 spell: Vampiric Draining
  1846 | D:2      | Reached XP level 4. HP: 19/24 MP: 1/11
  2021 | D:2      | Noticed a black bear
  2094 | D:2      | Found a faded altar of an unknown god.
  2110 | D:2      | Slain by an iguana

Illustrated notes

Levels and vault maps discovered:
D:1:      sevenhm_arrival_forest_fort_small_3, layout_rooms,
          chequers_serial_rivers_room_b, minmay_misc_feat_five
D:2:      layout_loops_ring, dreamdust_ecumenical_altar_angels_and_demons,
          serial_shops, shop
D:3:      layout_basic, grunt_temple_overflow_open, minmay_misc_feat_iff
D:4:      layout_basic, nicolae_overflow_quartered_altars, serial_shops,
          nicolae_diamond_shop

Skill      XL: |  1  2 |
---------------+-------+-----
Necromancy     | 5 |  5.5
Dodging        | 3 |  3.8
Short Blades   | |  0.7
Stealth        | |  2.9
Spellcasting   | |  3.7

Action                     |  1- 3 |  4- 6 || total
---------------------------+-------+-------++-------
  Melee: Short sword       |    92 |    10 ||   102
         Unarmed           |     9 |       ||     9
         Punch             |     1 |       ||     1
   Cast: Vampiric Draining |     7 |     1 ||     8
    Use: Scroll            |     1 |       ||     1
   Stab: Sleeping          |     2 |     1 ||     3
 Armour: Robe              |    22 |       ||    22
  Dodge: Dodged            |    89 |     3 ||    92
